[Event "VII Pontevedra Masters-A 2019"]
[Site "Pontevedra"]
[Date "2019.08.09"]
[Round "1"]
[White "Ruck, Robert"]
[Black "Torres Boch, Jose F."]
[Result "1-0"]
[ECO "E62"]
[WhiteElo "2524"]
[BlackElo "2129"]
[Annotator "ChessBase"]
[PlyCount "135"]
[EventDate "2019.??.??"]
[EventCountry "ESP"]
[SourceTitle "playchess.com"]
[Source "ChessBase"]
[SourceQuality "1"]
[TimeControl "5400+30"]

1. Nf3 Nf6 2. c4 g6 3. d4 Bg7 4. g3 O-O 5. Bg2 d6 6. O-O Nc6 7. Nc3 Bf5 8. b3 Ne4 9. Nd5 Nf6 10. Ne3 Be4 11. Bb2 d5 12. a3 e6 13. Qd2 a5 14. Rac1 Bh6 15. Qc3 a4 16. b4 Ne7 17. Rcd1 c6 18. c5 Nd7 19. Ne1 Bxg2 20. N3xg2 b5 21. cxb6 Nxb6 22. Bc1 Bg7 23. Ne3 Qd6 24. Nd3 f6 25. Nc2 e5 26. Nc5 f5 27. dxe5 Bxe5 28. Qf3 f4 29. Qg4 fxg3 30. fxg3 Rxf1+ 31. Rxf1 Rf8 32. Rxf8+ Kxf8 33. Nd4 Qf6 34. Nce6+ Kg8 35. Bg5 Bxd4+ 36. Nxd4 Qe5 37. Bxe7 Qxe7 38. Nxc6 Qe3+ 39. Kg2 Nc4 40. Nd4 Qe5 41. Nc2 Kg7 42. b5 h5 43. Qd4 Kf6 44. Qf2+ Kg7 45. Qd4 Kf6 46. Kf3 g5 47. Qxe5+ Kxe5 48. h3 d4 49. Kf2 Ke4 50. Ke1 Kd5 51. Kd1 Kc5 52. Kc1 Na5 53. Kd2 Kc4 54. b6 Nb3+ 55. Kd1 Nc5 56. Kc1 g4 57. hxg4 hxg4 58. Kb2 Nb7 59. Nb4 Kc5 60. Nc2 Kd5 61. e3 Ke4 62. Nxd4 Kxe3 63. Nf5+ Ke4 64. Ng7 Kd3 65. Ne8 Ke4 66. Nf6+ Kf3 67. Nh5 Ke3 68. Kc3 1-0

[Event "VII Pontevedra Masters-A 2019"]
[Site "Pontevedra"]
[Date "2019.08.09"]
[Round "1"]
[White "Narciso Dublan, Marc"]
[Black "Casares Cabanas, Carlos"]
[Result "1-0"]
[ECO "B80"]
[WhiteElo "2489"]
[BlackElo "2100"]
[Annotator "ChessBase"]
[PlyCount "97"]
[EventDate "2019.??.??"]
[EventCountry "ESP"]
[SourceTitle "playchess.com"]
[Source "ChessBase"]
[SourceQuality "1"]
[TimeControl "5400+30"]

1. e4 c5 2. Nf3 d6 3. d4 cxd4 4. Nxd4 Nf6 5. Nc3 a6 6. Be3 e6 7. f3 b5 8. g4 Bb7 9. g5 Nfd7 10. h4 Nb6 11. a4 b4 12. Na2 d5 13. a5 Nc4 14. Bxc4 dxc4 15. Qe2 Qc7 16. h5 Nd7 17. Kf2 Rc8 18. c3 b3 19. Nc1 Bd6 20. Qf1 Bg3+ 21. Kg2 Bf4 22. Qf2 Qe5 23. Bxf4 Qxf4 24. Qg3 Qxg3+ 25. Kxg3 Rc5 26. Kh4 h6 27. g6 fxg6 28. hxg6 Ke7 29. Nce2 Rf8 30. Ra4 Ba8 31. Rh3 Ne5 32. Rb4 Nxg6+ 33. Kg3 Rg5+ 34. Kf2 Bxe4 35. Rxc4 Bd5 36. Rc7+ Kd6 37. Ra7 Bc4 38. Ng3 Bd5 39. Rxa6+ Ke5 40. Rh1 Nf4 41. Re1+ Kf6 42. Ne4+ Bxe4 43. Rxe4 Kg6 44. Ke3 Ng2+ 45. Kd3 Kh7 46. Kc4 Rf6 47. Kxb3 e5 48. Rxf6 gxf6 49. Nc6 1-0

[Event "VII Pontevedra Masters-A 2019"]
[Site "Pontevedra"]
[Date "2019.08.09"]
[Round "1"]
[White "Pulvett Marin, Daniel Eduardo"]
[Black "Puga Sanchez, Miguel"]
[Result "1-0"]
[ECO "E11"]
[WhiteElo "2474"]
[BlackElo "2041"]
[Annotator "ChessBase"]
[PlyCount "65"]
[EventDate "2019.??.??"]
[EventCountry "ESP"]
[SourceTitle "playchess.com"]
[Source "ChessBase"]
[SourceQuality "1"]
[TimeControl "5400+30"]

1. d4 Nf6 2. c4 e6 3. Nf3 Bb4+ 4. Nbd2 b6 5. a3 Bxd2+ 6. Qxd2 Bb7 7. g3 O-O 8. Bg2 d5 9. cxd5 Bxd5 10. O-O Nbd7 11. b4 c5 12. dxc5 bxc5 13. Bb2 Qe7 14. bxc5 Nxc5 15. Qe3 Rfc8 16. Rac1 Nb3 17. Bxf6 Qxf6 18. Rxc8+ Rxc8 19. Ne5 Nd2 20. Rd1 Nc4 21. Nxc4 Bxc4 22. Rc1 Qb2 23. Be4 Qb8 24. Rb1 Qd6 25. Bf3 a6 26. Rc1 Qc7 27. Qd4 e5 28. Qh4 Qc5 29. Be4 g6 30. Bd3 Qxa3 31. Rxc4 Re8 32. Qf6 Qb3 33. Rc7 1-0

[Event "VII Pontevedra Masters-A 2019"]
[Site "Pontevedra"]
[Date "2019.08.09"]
[Round "1"]
[White "Khamrakulov, Ibragim S."]
[Black "Florez Rodriguez, Diego"]
[Result "1-0"]
[ECO "C10"]
[WhiteElo "2437"]
[BlackElo "2081"]
[Annotator "NA"]
[PlyCount "49"]
[EventDate "2019.??.??"]
[EventCountry "ESP"]
[SourceTitle "playchess.com"]
[Source "ChessBase"]
[SourceQuality "1"]
[TimeControl "5400+30"]

1. e4 e6 2. d4 d5 3. Nd2 dxe4 4. Nxe4 Nd7 5. Nf3 Ngf6 6. Nxf6+ Nxf6 7. Bd3 Be7 8. Qe2 c5 9. c3 cxd4 10. Nxd4 O-O 11. Bg5 Qd5 12. f4 Bd7 13. O-O Rfe8 14. Kh1 h6 15. Bh4 Qh5 16. Qe1 Rad8 17. Rd1 Bc8 18. h3 Rd6 19. Rd2 Ne4 20. Qxe4 Bxh4 21. Nb5 Rd7 22. Nxa7 Red8 23. Nxc8 Qc5 24. Qh7+ Kf8 25. Qh8# 1-0

[Event "VII Pontevedra Masters-A 2019"]
[Site "Pontevedra"]
[Date "2019.08.09"]
[Round "1"]
[White "Gonzalez Guedes, Iyan"]
[Black "Manolache, Marius"]
[Result "0-1"]
[ECO "C50"]
[WhiteElo "2166"]
[BlackElo "2504"]
[Annotator "ChessBase"]
[PlyCount "62"]
[EventDate "2019.??.??"]
[EventCountry "ESP"]
[SourceTitle "playchess.com"]
[Source "ChessBase"]
[SourceQuality "1"]
[TimeControl "5400+30"]

1. e4 e5 2. Nf3 Nc6 3. Bc4 Bc5 4. O-O Nf6 5. d3 d6 6. h3 Be6 7. Bxe6 fxe6 8. Re1 Qe7 9. c3 O-O 10. a4 a5 11. Nbd2 h6 12. Nc4 Nd7 13. Qb3 Rxf3 14. gxf3 Rf8 15. Be3 Rxf3 16. Kg2 Qf7 17. Qd1 Rf6 18. Qe2 d5 19. Bxc5 Nxc5 20. exd5 exd5 21. Ne3 Qg6+ 22. Qg4 Nxd3 23. Red1 Nf4+ 24. Kh2 Qf7 25. Rd2 e4 26. Rad1 Ne5 27. Qc8+ Kh7 28. Ng4 Nf3+ 29. Kh1 Rg6 30. Qxb7 Rxg4 31. hxg4 Qf6 0-1

[Event "VII Pontevedra Masters-A 2019"]
[Site "Pontevedra"]
[Date "2019.08.09"]
[Round "1"]
[White "Barbazan Bilbao, Xabier"]
[Black "Grigoryan, Karen H."]
[Result "1/2-1/2"]
[ECO "B47"]
[WhiteElo "2140"]
[BlackElo "2549"]
[Annotator "ChessBase"]
[PlyCount "60"]
[EventDate "2019.??.??"]
[EventCountry "ESP"]
[SourceTitle "playchess.com"]
[Source "ChessBase"]
[SourceQuality "1"]
[TimeControl "5400+30"]

1. e4 c5 2. Nf3 e6 3. d4 cxd4 4. Nxd4 Nc6 5. Nc3 Qc7 6. g3 a6 7. Bg2 h5 8. O-O h4 9. Re1 hxg3 10. hxg3 d6 11. b3 Be7 12. Bb2 Bd7 13. Nxc6 Bxc6 14. Qg4 Bf6 15. Nd5 Bxd5 16. Bxf6 Nxf6 17. Qxg7 Ke7 18. exd5 e5 19. Qg5 Rag8 20. Qd2 Ng4 21. c4 f5 22. Rac1 Kf6 23. c5 dxc5 24. d6 Qb6 25. Rc4 Rd8 26. Rd1 Rd7 27. Bf3 Nh2 28. Bg2 Ng4 29. Bf3 Nh2 30. Bg2 Ng4 1/2-1/2

[Event "VII Pontevedra Masters-A 2019"]
[Site "Pontevedra"]
[Date "2019.08.09"]
[Round "1"]
[White "Angelina Vela, Carlos"]
[Black "Narciso Dublan, Marc"]
[Result "0-1"]
[ECO "E14"]
[WhiteElo "2099"]
[BlackElo "2489"]
[Annotator "ChessBase"]
[PlyCount "70"]
[EventDate "2019.??.??"]
[EventCountry "ESP"]
[SourceTitle "playchess.com"]
[Source "ChessBase"]
[SourceQuality "1"]
[TimeControl "5400+30"]

1. d4 Nf6 2. Nf3 e6 3. c4 Bb4+ 4. Nbd2 b6 5. a3 Bxd2+ 6. Qxd2 Bb7 7. e3 O-O 8. Be2 Ne4 9. Qc2 Ng5 10. Qd1 f5 11. O-O Nf7 12. b4 d6 13. Bb2 Nd7 14. Rc1 c5 15. Qb3 Qc7 16. Rcd1 Rad8 17. Qc3 Nf6 18. Nd2 e5 19. Bf3 Bxf3 20. Nxf3 cxd4 21. exd4 e4 22. Nd2 d5 23. c5 b5 24. a4 a6 25. Ra1 f4 26. axb5 axb5 27. Ra3 f3 28. gxf3 Ng5 29. f4 Qxf4 30. Qg3 Nh5 31. Qxf4 Nxf4 32. f3 Nd3 33. Bc1 Nh3+ 34. Kg2 Nhf4+ 35. Kg1 e3 0-1

[Event "VII Pontevedra Masters-A 2019"]
[Site "Pontevedra"]
[Date "2019.08.09"]
[Round "1"]
[White "Urrutia Gonzalez, Javier"]
[Black "Suarez Gomez, Julio"]
[Result "0-1"]
[ECO "C18"]
[WhiteElo "2090"]
[BlackElo "2429"]
[Annotator "NA"]
[PlyCount "74"]
[EventDate "2019.??.??"]
[EventCountry "ESP"]
[SourceTitle "playchess.com"]
[Source "ChessBase"]
[SourceQuality "1"]
[TimeControl "5400+30"]

1. e4 e6 2. d4 d5 3. Nc3 Bb4 4. e5 c5 5. a3 Bxc3+ 6. bxc3 Qa5 7. Bd2 Qa4 8. Qg4 Kf8 9. Qd1 Ne7 10. Nf3 b6 11. dxc5 bxc5 12. Be3 Nd7 13. Rb1 Ba6 14. Bxa6 Qxa6 15. Qd3 c4 16. Qe2 h6 17. h4 Nc6 18. h5 Qxa3 19. O-O Qa6 20. Nd4 Nxd4 21. Bxd4 Kg8 22. f4 Kh7 23. f5 Rhb8 24. Rbe1 Qc6 25. Qg4 a5 26. f6 gxf6 27. exf6 Rg8 28. Qf4 Rg5 29. Qh4 Rag8 30. Rf2 a4 31. Ra1 Rg4 32. Qh2 Rg3 33. Kh1 e5 34. Ba7 Qa6 35. Rf3 Rxf3 36. gxf3 Qxa7 37. Qh3 Qf2 0-1

[Event "VII Pontevedra Masters-A 2019"]
[Site "Pontevedra"]
[Date "2019.08.09"]
[Round "1"]
[White "Gomez Benitez, David"]
[Black "Canon Alvarez, Nerea"]
[Result "1-0"]
[ECO "C46"]
[WhiteElo "1987"]
[BlackElo "1622"]
[Annotator "NA"]
[PlyCount "85"]
[EventDate "2019.??.??"]
[EventCountry "ESP"]
[SourceTitle "playchess.com"]
[Source "ChessBase"]
[SourceQuality "1"]
[TimeControl "5400+30"]

1. e4 e5 2. Nf3 Nc6 3. Nc3 Bc5 4. Nxe5 Nxe5 5. d4 d6 6. dxc5 dxc5 7. Qxd8+ Kxd8 8. Be3 b6 9. O-O-O+ Bd7 10. Be2 Nf6 11. Bg5 Kc8 12. Ba6+ Kb8 13. f4 Neg4 14. e5 Bc6 15. exf6 gxf6 16. Bh4 f5 17. Nd5 Bb7 18. Be2 Re8 19. Bf3 a5 20. h3 Nh6 21. Rhe1 Rxe1 22. Rxe1 Ng8 23. Re8+ Ka7 24. Rxa8+ Bxa8 25. Nxc7 Bxf3 26. gxf3 Kb7 27. Ne8 Kc6 28. Ng7 Kd7 29. Nxf5 f6 30. Kd2 Ke6 31. Ne3 Ne7 32. c4 h5 33. Nd5 Nxd5 34. cxd5+ Kxd5 35. Bxf6 b5 36. Bd8 a4 37. f5 Ke5 38. f6 Ke6 39. Kc3 Kf7 40. Be7 Ke6 41. f4 Kf7 42. f5 h4 43. a3 1-0

[Event "VII Pontevedra Masters-A 2019"]
[Site "Pontevedra"]
[Date "2019.08.09"]
[Round "2"]
[White "Petkov, Vladimir"]
[Black "Garcia Sobrino, David"]
[Result "1-0"]
[ECO "D27"]
[WhiteElo "2497"]
[BlackElo "2192"]
[Annotator "ChessBase"]
[PlyCount "75"]
[EventDate "2019.??.??"]
[EventCountry "ESP"]
[SourceTitle "playchess.com"]
[Source "ChessBase"]
[SourceQuality "1"]
[TimeControl "5400+30"]

1. d4 e6 2. Nf3 Nf6 3. c4 d5 4. Nc3 dxc4 5. e3 a6 6. a4 c5 7. Bxc4 Nc6 8. O-O Be7 9. dxc5 Bxc5 10. Qxd8+ Kxd8 11. Be2 Ke7 12. Nd2 Rd8 13. Nc4 e5 14. Bf3 Be6 15. b3 Rab8 16. a5 Bb4 17. Ba3 Nd7 18. Nd5+ Bxd5 19. Bxd5 f6 20. Rfc1 Nc5 21. Nb6 Bxa3 22. Rxa3 Nd3 23. Rc4 Rd6 24. h4 Rbd8 25. e4 Nf4 26. b4 Ne2+ 27. Kh2 Ned4 28. Na4 Rxd5 29. exd5 Rxd5 30. Nc5 Nd8 31. f4 exf4 32. Rd3 N8c6 33. Nxb7 Rh5 34. Rdxd4 Rxh4+ 35. Kg1 Nxd4 36. Rxd4 Ke6 37. Nd8+ Kf5 38. b5 1-0

[Event "VII Pontevedra Masters-A 2019"]
[Site "Pontevedra"]
[Date "2019.08.09"]
[Round "2"]
[White "Narciso Dublan, Marc"]
[Black "Abella Vazquez, Cesar"]
[Result "1-0"]
[ECO "E49"]
[WhiteElo "2489"]
[BlackElo "2161"]
[Annotator "ChessBase"]
[PlyCount "77"]
[EventDate "2019.??.??"]
[EventCountry "ESP"]
[SourceTitle "playchess.com"]
[Source "ChessBase"]
[SourceQuality "1"]
[TimeControl "5400+30"]

1. d4 e6 2. c4 d5 3. Nc3 Bb4 4. a3 Bxc3+ 5. bxc3 Nf6 6. e3 O-O 7. cxd5 exd5 8. Bd3 b6 9. Ne2 c5 10. O-O Ba6 11. Bxa6 Nxa6 12. Qd3 Nc7 13. f3 Re8 14. Ng3 Ne6 15. Bb2 Qc7 16. e4 Nf4 17. Qd2 g6 18. e5 N6h5 19. Nxh5 Nxh5 20. g4 Ng7 21. f4 Rac8 22. Qg2 Qd8 23. c4 Ne6 24. cxd5 Nxd4 25. Rae1 Qh4 26. Re3 Qh6 27. Re4 Rcd8 28. d6 Ne6 29. Bc1 Qg7 30. f5 Nd4 31. Bg5 Rd7 32. Rxd4 cxd4 33. Qc6 Qxe5 34. Qxd7 d3 35. Qc6 Qd4+ 36. Kh1 Rf8 37. fxg6 hxg6 38. Qf3 Qxd6 39. Bh6 1-0

[Event "VII Pontevedra Masters-A 2019"]
[Site "Pontevedra"]
[Date "2019.08.09"]
[Round "2"]
[White "Suarez Gomez, Julio"]
[Black "Teijeiro Barros, Alberto"]
[Result "1-0"]
[ECO "B13"]
[WhiteElo "2429"]
[BlackElo "2148"]
[Annotator "NA"]
[PlyCount "130"]
[EventDate "2019.??.??"]
[EventCountry "ESP"]
[SourceTitle "playchess.com"]
[Source "ChessBase"]
[SourceQuality "1"]
[TimeControl "5400+30"]

1. e4 c6 2. d4 d5 3. exd5 cxd5 4. Bd3 Nc6 5. c3 Qc7 6. Ne2 Bg4 7. O-O e6 8. Qe1 Bxe2 9. Qxe2 Bd6 10. h3 Nf6 11. Nd2 O-O 12. Nf3 Rfe8 13. Be3 a6 14. Rfe1 e5 15. dxe5 Nxe5 16. Nxe5 Bxe5 17. Qf3 Ne4 18. Rad1 Rad8 19. Bc2 Re6 20. Qg4 Nf6 21. Qh4 Rde8 22. Kf1 h6 23. Bb3 Qc6 24. Qb4 Bd6 25. Qa4 b5 26. Qd4 Re4 27. Bxd5 Nxd5 28. Qxd5 Qxd5 29. Rxd5 Bf4 30. Rd4 Rxd4 31. Bxd4 Rd8 32. g3 Bd6 33. a3 f6 34. Ke2 Kf7 35. Kf3 h5 36. Bb6 Rc8 37. Re4 Rc6 38. Ba5 Be5 39. Ke3 Bb8 40. Bb4 Ba7+ 41. Ke2 Re6 42. f3 f5 43. Rxe6 Kxe6 44. Bf8 g6 45. Bh6 a5 46. Kd3 Kd5 47. b3 Kc6 48. a4 bxa4 49. bxa4 Bf2 50. Bf4 Be1 51. Kc4 Bf2 52. Be5 Be1 53. Bb8 Bf2 54. Bf4 Be1 55. Kd4 Bf2+ 56. Ke5 Kc5 57. Kf6 Kc4 58. Kxg6 Kb3 59. Kxf5 Kxa4 60. g4 hxg4 61. hxg4 Bc5 62. g5 Kb3 63. g6 Bf8 64. c4 Kxc4 65. Be5 Kd5 {Ke4} 1-0

[Event "VII Pontevedra Masters-A 2019"]
[Site "Pontevedra"]
[Date "2019.08.09"]
[Round "2"]
[White "Laiz Ibanez, Hector"]
[Black "Rodriguez Vila, Andres"]
[Result "0-1"]
[ECO "B23"]
[WhiteElo "2268"]
[BlackElo "2492"]
[Annotator "ChessBase"]
[PlyCount "104"]
[EventDate "2019.??.??"]
[EventCountry "ESP"]
[SourceTitle "playchess.com"]
[Source "ChessBase"]
[SourceQuality "1"]
[TimeControl "5400+30"]

1. e4 c5 2. Nc3 g6 3. h4 h5 4. Nf3 Bg7 5. Bc4 Nc6 6. a3 e6 7. b4 Nge7 8. bxc5 Qa5 9. Rb1 Qxc5 10. Nb5 O-O 11. d3 d5 12. Be3 d4 13. Nfxd4 Nxd4 14. c3 e5 15. cxd4 exd4 16. Bf4 Be5 17. Bh6 Bg4 18. Qb3 a6 19. Bxf8 Rxf8 20. O-O axb5 21. Qxb5 Qd6 22. Qxb7 Qf6 23. f4 Bd6 24. e5 Qxh4 25. exd6 Nf5 26. Qe4 Kh7 27. Rbe1 Qg3 28. d7 Nh4 29. Re2 Rd8 30. Bxf7 Bxe2 31. Qxe2 Rxd7 32. Bc4 Ra7 33. Rf2 Nf5 34. Qe6 Kh6 35. Qg8 h4 36. Rf3 Qe1+ 37. Kh2 Qe7 38. Qh8+ Qh7 39. Qxh7+ Kxh7 40. Be6 Ne3 41. f5 gxf5 42. Bxf5+ Kh6 43. Be4 Rxa3 44. Rf8 Ra1 45. Rh8+ Kg5 46. Rg8+ Kf6 47. Rf8+ Ke5 48. Re8+ Kd6 49. Rg8 Ke7 50. Rg7+ Kf6 51. Rd7 Ng4+ 52. Kh3 Ne5 0-1

[Event "VII Pontevedra Masters-A 2019"]
[Site "Pontevedra"]
[Date "2019.08.09"]
[Round "2"]
[White "Lopez Gonzalez, Alfonso"]
[Black "Pulvett Marin, Daniel Eduardo"]
[Result "0-1"]
[ECO "D15"]
[WhiteElo "2219"]
[BlackElo "2474"]
[Annotator "ChessBase"]
[PlyCount "62"]
[EventDate "2019.??.??"]
[EventCountry "ESP"]
[SourceTitle "playchess.com"]
[Source "ChessBase"]
[SourceQuality "1"]
[TimeControl "5400+30"]

1. d4 d5 2. c4 c6 3. e3 Nf6 4. Nc3 a6 5. Nf3 Bf5 6. Bd3 Bxd3 7. Qxd3 e6 8. O-O Bb4 9. Nd2 Nbd7 10. e4 Nxe4 11. Ndxe4 dxe4 12. Nxe4 Ne5 13. Qb3 Qxd4 14. Qxb4 Qxe4 15. Qxb7 O-O 16. b3 Ng6 17. Bg5 Qg4 18. Be3 Nh4 19. g3 Nf3+ 20. Kg2 Qe4 21. Rfd1 Nd4+ 22. Kh3 Qf5+ 23. Kg2 Qf3+ 24. Kh3 Ne2 25. Qe7 Rae8 26. Qg5 f5 27. Rd7 Rf7 28. Rxf7 Kxf7 29. Bc5 e5 30. Rf1 h6 31. Qh4 Nf4+ 0-1

[Event "VII Pontevedra Masters-A 2019"]
[Site "Pontevedra"]
[Date "2019.08.09"]
[Round "2"]
[White "Martins, Bruno Andre Leite"]
[Black "Khamrakulov, Ibragim S."]
[Result "0-1"]
[ECO "B42"]
[WhiteElo "2177"]
[BlackElo "2437"]
[Annotator "NA"]
[PlyCount "72"]
[EventDate "2019.??.??"]
[EventCountry "ESP"]
[SourceTitle "playchess.com"]
[Source "ChessBase"]
[SourceQuality "1"]
[TimeControl "5400+30"]

1. e4 c5 2. Nf3 e6 3. d4 cxd4 4. Nxd4 a6 5. Bd3 Nf6 6. O-O Qc7 7. c4 Nc6 8. Nxc6 bxc6 9. Nc3 Bc5 10. Kh1 h5 11. Qe2 Ng4 12. f4 d6 13. Bd2 Qa7 14. h3 a5 15. Na4 Bd4 16. c5 dxc5 17. Bc4 Ba6 18. Rac1 Bxc4 19. Rxc4 e5 20. f5 Qe7 21. g3 Nf6 22. Bg5 Rb8 23. h4 Qd6 24. Bxf6 Qxf6 25. b3 g5 26. fxg6 Qxg6 27. Qf3 Rb4 28. Rfc1 Rg8 29. Kg2 Qh6 30. R1c2 Ke7 31. Nxc5 Rxc4 32. Rxc4 Qd2+ 33. Kh3 Bf2 34. Nb7 Bg1 35. Qh1 Qd7+ 36. Kg2 Rxg3+ 0-1

[Event "VII Pontevedra Masters-A 2019"]
[Site "Pontevedra"]
[Date "2019.08.09"]
[Round "2"]
[White "Perez Pardo, Ricardo"]
[Black "Gomez Benitez, David"]
[Result "1/2-1/2"]
[ECO "A03"]
[WhiteElo "1680"]
[BlackElo "1987"]
[Annotator "NA"]
[PlyCount "173"]
[EventDate "2019.??.??"]
[EventCountry "ESP"]
[SourceTitle "playchess.com"]
[Source "ChessBase"]
[SourceQuality "1"]
[TimeControl "5400+30"]

1. f4 d5 2. Nf3 Nf6 3. g3 g6 4. Bg2 Bg7 5. O-O O-O 6. d3 Bg4 7. Nbd2 c6 8. h3 Bxf3 9. Bxf3 Nbd7 10. e4 e5 11. f5 gxf5 12. exf5 Qc7 13. g4 Bh6 14. Nb3 Bxc1 15. Qxc1 Kh8 16. Qh6 Rg8 17. Kh1 e4 18. Be2 Rg7 19. g5 Rag8 20. Rg1 Qf4 21. Raf1 Qe3 22. Bg4 Qxg5 23. Qxg5 Rxg5 24. dxe4 Ne5 25. exd5 Nexg4 26. hxg4 Nxg4 27. Rg2 cxd5 28. Nc5 b6 29. Nd3 Ne3 30. Rxg5 Rxg5 31. Rf3 Nxf5 32. Nb4 d4 33. Nc6 a6 34. Rf4 Kg7 35. Nxd4 Nxd4 36. Rxd4 Re5 37. Kg2 Re2+ 38. Kf3 Rxc2 39. Rb4 b5 40. Kg3 f5 41. a4 Rc4 42. Rb3 Rxa4 43. Rd3 Rb4 44. b3 a5 45. Kf3 Kg6 46. Rd6+ Kg5 47. Rd3 h5 48. Kg3 a4 49. bxa4 bxa4 50. Rd8 h4+ 51. Kf3 Rb3+ 52. Kg2 a3 53. Rg8+ Kf4 54. Ra8 Rb2+ 55. Kh3 a2 56. Ra4+ Kg5 57. Rxa2 Rb3+ 58. Kh2 Kg4 59. Ra8 Rb2+ 60. Kg1 Rb3 61. Kh2 f4 62. Kg2 Rg3+ 63. Kh2 Rb3 64. Kg2 h3+ 65. Kh2 Kf3 66. Ra2 Kg4 67. Ra8 Rb2+ 68. Kh1 Kf3 69. Ra3+ Ke2 70. Rxh3 f3 71. Rh8 Rb3 72. Ra8 f2 73. Ra2+ Kf3 74. Ra1 Re3 75. Kh2 Rd3 76. Rb1 Ke2 77. Kg2 Rd2 78. Rf1 Ke3 79. Ra1 Re2 80. Kf1 Rc2 81. Ra3+ Kf4 82. Ra8 Kg3 83. Rg8+ Kf3 84. Rf8+ Ke3 85. Re8+ Kd4 86. Rd8+ Ke5 87. Rf8 1/2-1/2

[Event "VII Pontevedra Masters-A 2019"]
[Site "Pontevedra"]
[Date "2019.08.10"]
[Round "3"]
[White "Grigoryan, Karen H."]
[Black "Khamrakulov, Ibragim S."]
[Result "1/2-1/2"]
[ECO "B43"]
[WhiteElo "2549"]
[BlackElo "2437"]
[Annotator "ChessBase"]
[PlyCount "73"]
[EventDate "2019.??.??"]
[EventCountry "ESP"]
[SourceTitle "playchess.com"]
[Source "ChessBase"]
[SourceQuality "1"]
[TimeControl "5400+30"]

1. e4 c5 2. Nf3 e6 3. Nc3 a6 4. d4 cxd4 5. Nxd4 Qc7 6. Qg4 Nf6 7. Qg3 Qxg3 8. hxg3 Bb4 9. e5 Ne4 10. a3 Bxc3+ 11. bxc3 Nxc3 12. a4 Nd5 13. Ba3 f6 14. f4 b6 15. Kd2 Nc6 16. Nxc6 dxc6 17. c4 Ne7 18. Bd3 Bd7 19. exf6 gxf6 20. Rh6 Ng8 21. Rxh7 Rxh7 22. Bxh7 Kf7 23. Kc3 f5 24. Rh1 Nf6 25. Bb2 b5 26. Rh6 Ng4 27. Bg6+ Kg7 28. Rh7+ Kxg6 29. Rxd7 bxa4 30. Rb7 Rh8 31. Rb6 Nf2 32. Kc2 Rh2 33. Rxc6 Ne4 34. Rxe6+ Kf7 35. Rxa6 Rxg2+ 36. Kc1 Rg1+ 37. Kc2 1/2-1/2

[Event "VII Pontevedra Masters-A 2019"]
[Site "Pontevedra"]
[Date "2019.08.10"]
[Round "3"]
[White "Ruck, Robert"]
[Black "Villar Perez, Samuel"]
[Result "1-0"]
[ECO "A34"]
[WhiteElo "2524"]
[BlackElo "2179"]
[Annotator "ChessBase"]
[PlyCount "83"]
[EventDate "2019.??.??"]
[EventCountry "ESP"]
[SourceTitle "playchess.com"]
[Source "ChessBase"]
[SourceQuality "1"]
[TimeControl "5400+30"]

1. Nf3 Nf6 2. c4 c5 3. Nc3 d5 4. cxd5 Nxd5 5. d4 Nxc3 6. bxc3 g6 7. e3 Bg7 8. Bd3 Nc6 9. O-O O-O 10. Ba3 cxd4 11. cxd4 Qa5 12. Qb3 Be6 13. Qb2 Rfd8 14. Rfc1 Qb6 15. Qd2 Bg4 16. Rab1 Qc7 17. Qb2 Bxf3 18. gxf3 Rab8 19. Be4 Rdc8 20. Rc3 Qd8 21. Rbc1 e6 22. Qc2 Qg5+ 23. Kh1 Qh5 24. Bd6 Ra8 25. Rc5 Qh3 26. Bg3 Rd8 27. Bxc6 bxc6 28. Rxc6 Bf8 29. Kg1 Qh5 30. Kg2 Qd5 31. Qa4 h5 32. Qa6 Qg5 33. h4 Qd5 34. Be5 Bg7 35. R1c5 Qd7 36. Rc7 Qe8 37. Bg3 Bf8 38. Rc2 Rdb8 39. Rxa7 Rxa7 40. Qxa7 Rb1 41. Qa6 Qd7 42. Rc8 1-0

[Event "VII Pontevedra Masters-A 2019"]
[Site "Pontevedra"]
[Date "2019.08.10"]
[Round "3"]
[White "Manolache, Marius"]
[Black "Lopez Gonzalez, Alfonso"]
[Result "1-0"]
[ECO "D37"]
[WhiteElo "2504"]
[BlackElo "2219"]
[Annotator "ChessBase"]
[PlyCount "55"]
[EventDate "2019.??.??"]
[EventCountry "ESP"]
[SourceTitle "playchess.com"]
[Source "ChessBase"]
[SourceQuality "1"]
[TimeControl "5400+30"]

1. d4 d5 2. c4 e6 3. Nf3 Nf6 4. Nc3 Nbd7 5. Bf4 Be7 6. e3 dxc4 7. Bxc4 a6 8. Qe2 b5 9. Bb3 Bb7 10. Rd1 O-O 11. O-O Nb6 12. Rc1 Rc8 13. Rfd1 Qe8 14. Ne5 c5 15. dxc5 Bxc5 16. a3 Qe7 17. Ng4 Ne4 18. Nxe4 Bxe4 19. Ne5 Rfd8 20. Rxd8+ Qxd8 21. Rd1 Qe7 22. Qg4 Bg6 23. h4 Bf5 24. Qg3 f6 25. Nd3 Kh8 26. Nxc5 Qxc5 27. e4 Bxe4 28. Be3 1-0

[Event "VII Pontevedra Masters-A 2019"]
[Site "Pontevedra"]
[Date "2019.08.10"]
[Round "3"]
[White "Petkov, Vladimir"]
[Black "Solozhenkina, Elizaveta"]
[Result "1/2-1/2"]
[ECO "E20"]
[WhiteElo "2497"]
[BlackElo "2324"]
[Annotator "ChessBase"]
[PlyCount "111"]
[EventDate "2019.??.??"]
[EventCountry "ESP"]
[SourceTitle "playchess.com"]
[Source "ChessBase"]
[SourceQuality "1"]
[TimeControl "5400+30"]

1. d4 Nf6 2. Nf3 e6 3. c4 d5 4. g3 Bb4+ 5. Nc3 dxc4 6. Bg2 Nc6 7. O-O O-O 8. Rb1 Rb8 9. Bg5 h6 10. Bxf6 Qxf6 11. e3 Bd7 12. Qc2 Qe7 13. Ne4 b5 14. b3 cxb3 15. axb3 f5 16. Ned2 Bd6 17. Ra1 Nb4 18. Qb1 a6 19. Rc1 c5 20. dxc5 Bxc5 21. Ne5 Rfc8 22. Ndf3 Bd6 23. Rd1 Be8 24. Nd3 Nd5 25. Qb2 Nc3 26. Re1 b4 27. Nd4 Rb6 28. e4 Bc5 29. Nxc5 Qxc5 30. Ne2 fxe4 31. Nxc3 bxc3 32. Qc2 Bg6 33. Bxe4 Bxe4 34. Rxe4 Qd5 35. b4 Qd2 36. Ra2 Rd6 37. Re2 Qd1+ 38. Qxd1 Rxd1+ 39. Kg2 Rb1 40. Rec2 Rxb4 41. Ra3 Rb2 42. Rcxc3 Rxc3 43. Rxc3 Ra2 44. Rc7 Kf8 45. h4 a5 46. h5 a4 47. Ra7 a3 48. g4 Ra1 49. f3 a2 50. Kh2 Ke8 51. Kg2 Kd8 52. Kh2 Kc8 53. Kg2 Kb8 54. Ra3 Kb7 55. Ra4 e5 56. Ra3 1/2-1/2

[Event "VII Pontevedra Masters-A 2019"]
[Site "Pontevedra"]
[Date "2019.08.10"]
[Round "3"]
[White "Rodriguez Vila, Andres"]
[Black "Bernal Moro, Luis Javier"]
[Result "1-0"]
[ECO "D00"]
[WhiteElo "2492"]
[BlackElo "2428"]
[Annotator "ChessBase"]
[PlyCount "93"]
[EventDate "2019.??.??"]
[EventCountry "ESP"]
[SourceTitle "playchess.com"]
[Source "ChessBase"]
[SourceQuality "1"]
[TimeControl "5400+30"]

1. d4 Nf6 2. Nc3 d5 3. Bf4 e6 4. Nb5 Na6 5. e3 Be7 6. Nf3 O-O 7. a3 c5 8. Be2 Bd7 9. O-O Bxb5 10. Bxb5 Qb6 11. Be2 cxd4 12. exd4 Nc7 13. c3 Nce8 14. Qc2 Nd6 15. Bd3 Nc4 16. Rab1 Rfc8 17. Rfe1 g6 18. Re2 Nh5 19. Bh6 Qc7 20. g3 Bf8 21. Bg5 b5 22. Rbe1 a5 23. Qc1 Bd6 24. Ne5 Rab8 25. f4 Be7 26. Bxe7 Qxe7 27. f5 Nxe5 28. Rxe5 Ng7 29. fxe6 fxe6 30. Rxd5 b4 31. Rxa5 bxc3 32. b4 Qd6 33. Qe3 Rd8 34. Rc5 Qxd4 35. Qxd4 Rxd4 36. Rxc3 Rbd8 37. Bc4 Kf7 38. a4 Ke7 39. b5 Rc8 40. Rec1 Nf5 41. a5 Nd6 42. b6 Nxc4 43. b7 Rb8 44. a6 Nb6 45. Rb3 Rd6 46. Rc7+ Kd8 47. Rxh7 1-0